cohdb
Replays
Latest Replays
All Replays
Popular Replays
Top Player Replays
Match Explorer
How It Works
Community
CoH3 Stats
Reddit
Sign in to upload your games and track your stats! →
Sign in with Steam
Match 46225732
Unlisted
Match 46225732
Overview
Messages
Build Orders
End
Pioneer Squad
Construct Infanterie Kompanie
Grenadier Squad
Grenadier Squad
Grenadier Squad
MG 42 Machine Gun Team
Construct Luftwaffe Kompanie
Jäger Squad
Medical Station
Support Elements
Wirbelwind Flakpanzer
Jäger Squad
Luftwaffe Officer Quarters
Selects Breakthrough Battlegroup
Selects Rapid Production
Side Skirts
Construct Panzer Kompanie
Selects Blitzkrieg
Panzer IV Medium Tank
Panzer IV Medium Tank
Stoßtruppen Squad
Mark29
exoMega
0
0
Comments
sign in to comment!
No comments posted yet!